Map: [ESL] Gresvan

Players

Harstem - Winner!

  • Race: Protoss Protoss
  • Spawn Location: 5:00

ShaDoWn

  • Race: Protoss Protoss
  • Spawn Location: 11:00

Event: ESL SC2 Masters 2023 Summer (Regionals)

VOD

Have the link to the VOD?

Description

Time

  • Played on: May 7, 2023, 11:43 a.m.
  • Length: 23:14

All games in this series

Show
View Real Time Build Order
Export as new Build Order

Harstem Protoss - Winner!

Build Orders: Oracle Opening 

Get SALT Encoding   

  12  0:00  Probe  
  13  0:12  Probe  
  14  0:18  Pylon  
  14  0:24  Probe (Chrono Boost)  
  15  0:36  Probe (Chrono Boost)  
  15  0:39  Gateway  
  16  0:45  Probe (Chrono Boost)  
  16  0:48  Assimilator  
  17  0:51  Probe  
  17  0:54  Assimilator  
  18  1:03  Probe (Chrono Boost)  
  19  1:08  Gateway  
  19  1:13  Probe (Chrono Boost)  
  19  1:18  Probe (Chrono Boost)  
  21  1:26  Cybernetics Core  
  21  1:29  Probe  
  22  1:34  Pylon  
  22  1:41  Probe  
  23  1:53  Probe  
  24  2:02  Adept, Stalker  
  24  2:05  Warp Gate  
  29  2:16  Pylon  
  29  2:19  Stargate  
  28  2:25  Pylon  
  28  2:32  Stalker  
  30  2:37  Stalker  
  32  3:00  Oracle (Chrono Boost)  
  35  3:11  Nexus  
  35  3:12  Probe  
  36  3:20  Pylon  
  37  3:27  Oracle (Chrono Boost)  
  39  3:38  Probe  
  40  3:50  Probe  
  41  4:00  Stalker  
  41  4:01  Twilight Council  
  41  4:02  Probe  
  44  4:13  Stalker  
  44  4:14  Probe  
  44  4:16  Shield Battery  
  47  4:20  Pylon  
  47  4:22  Probe  
  48  4:26  Probe  
  49  4:33  Blink (Chrono Boost)  
  49  4:34  Probe  
  48  4:38  Probe  
  49  4:49  Stalker  
  48  4:54  Probe  
  48  4:55  Probe  
  49  5:05  Stalker  
  49  5:06  Probe  
  52  5:12  Forge  
  53  5:18  Probe  
  53  5:20  Probe  
  54  5:22  Robotics Facility  
  54  5:30  Probe  
  54  5:31  Stalker  
  55  5:35  Stalker  
  55  5:39  Probe  
  55  5:40  Assimilator  
  55  5:42  Probe  
  59  5:48  Protoss Ground Weapons Level 1 (Chrono Boost)  
  59  5:51  Probe  
  59  5:54  Probe  
  61  5:58  Pylon, Stalker  
  61  6:03  Probe  
  64  6:08  Stalker  
  64  6:10  Pylon  
  66  6:16  Observer  
  69  6:23  Nexus  
  69  6:24  Probe  
  68  6:29  Stalker  
  68  6:31  Probe  
  71  6:36  Probe  
  71  6:37  Pylon  
  72  6:42  Stalker  
  72  6:43  Probe  
  75  6:49  Probe  
  75  6:53  Gateway x2  
  76  6:59  Probe, Sentry  
  79  7:02  Probe  
  79  7:05  Shield Battery  
  79  7:07  Stalker  
  82  7:11  Probe  
  83  7:18  Probe  
  84  7:23  Probe  
  85  7:31  Stalker x2  
  85  7:32  Probe  
  85  7:36  Probe  
  91  7:37  Probe  
  91  7:43  Phoenix, Observer  
  89  7:48  Probe  
  89  7:49  Stalker x2  
  89  7:50  Probe x2, Protoss Ground Weapons Level 2 (Chrono Boost)  
  96  7:52  Charge  
  96  7:58  Stalker x2  
  100  8:00  Forge  
  100  8:02  Assimilator  
  100  8:03  Probe  
  101  8:07  Probe  
  103  8:14  Pylon  
  103  8:15  Probe, Stalker x2  
  103  8:19  Probe, Pylon  
  109  8:24  Observer  
  108  8:30  Observer  
  108  8:32  Nexus  
  108  8:33  Protoss Ground Armor Level 1 (Chrono Boost), Pylon  
  109  8:39  Stalker x2, Photon Cannon  
  113  8:48  Stalker  
  115  8:51  Gateway  
  115  8:52  Pylon  
  115  8:56  Stalker  
  115  9:00  Gateway  
  117  9:03  Probe  
  117  9:05  Probe  
  117  9:07  Probe  
  117  9:09  Stalker x2  
  124  9:14  Photon Cannon  
  124  9:16  Probe  
  125  9:17  Probe  
  125  9:20  Observer  
  125  9:21  Stalker x2  
  130  9:25  Probe  
  130  9:28  Probe  
  132  9:32  Stalker  
  132  9:33  Stalker  
  136  9:43  Probe  
  137  9:46  Gateway  
  137  9:47  Gateway  
  137  9:49  Gateway  
  137  9:50  Stalker x3  
  137  9:52  Shield Battery  
  141  10:03  Stalker x3  
  141  10:05  Protoss Ground Weapons Level 3 (Chrono Boost)  
  147  10:13  Probe  
  140  10:24  Stalker x3  
  140  10:25  Probe  
  140  10:27  Probe  
  146  10:30  Pylon  
  146  10:32  Protoss Ground Armor Level 2 (Chrono Boost)  
  146  10:34  Assimilator  
  146  10:35  Zealot x3  
  146  10:37  Assimilator  
  146  10:42  Stalker x2, Photon Cannon  
  156  10:44  Photon Cannon  
  156  10:48  Zealot x3  
  156  10:49  Zealot  
  164  11:02  Dark Shrine  
  164  11:14  Pylon  
  164  11:17  Nexus, Pylon  
  164  11:18  Pylon  
  164  11:23  Probe x2  
  164  11:27  Pylon, Photon Cannon  
  164  11:28  Probe x2  
  164  11:31  Warp Prism (Chrono Boost), Zealot  
  164  11:36  Zealot x6  
  178  11:48  Zealot x2  
  178  11:49  Probe  
  178  11:50  Photon Cannon  
  178  11:51  Photon Cannon  
  178  11:52  Shield Battery  
  184  11:54  Probe  
  184  11:58  Stalker x3  
  190  12:06  Stalker x3  
  194  12:15  Nexus  
  186  12:23  Stalker x4  
  186  12:27  Protoss Ground Armor Level 3 (Chrono Boost)  
  192  12:38  Protoss Shields Level 1 (Chrono Boost), Pylon  
  192  12:44  Pylon, Shadow Stride  
  180  12:45  Stalker x4  
  188  12:51  Nexus  
  188  13:00  Pylon, Dark Templar x4  
  188  13:04  Warp Prism (Chrono Boost)  
  196  13:05  Zealot  
  198  13:18  Stalker x4  
  178  13:31  Stalker  
  178  13:32  Stalker x4  
  178  13:46  Stalker x4  
  184  13:55  Photon Cannon  
  184  13:56  Photon Cannon  
  184  13:57  Photon Cannon  
  184  13:58  Stalker x2  
  184  13:59  Shield Battery  
  188  14:09  Zealot x3, Dark Templar  
  196  14:16  Observer  
  188  14:23  Protoss Shields Level 2  
  168  14:27  Stalker x5  
  168  14:31  Stalker x3  
  174  14:44  Stalker  
  176  14:52  Stalker x5  
  186  14:59  Stalker x3  
  191  15:02  Observer (Chrono Boost)  
  190  15:16  Nexus  
  182  15:22  Zealot x9  
  169  15:41  Probe  
  168  15:47  Stalker x9  
  184  16:01  Warp Prism (Chrono Boost)  
  172  16:10  Dark Templar x3  
  172  16:11  Dark Templar  
  180  16:12  Probe  
  180  16:14  Pylon  
  180  16:17  Pylon, Zealot x5, Assimilator  
  191  16:21  Assimilator x2  
  171  16:40  Stalker x5  
  171  16:45  Zealot x4  
  183  16:56  Probe  
  183  16:59  Assimilator  
  183  17:01  Pylon  
  184  17:09  Zealot x8  
  188  17:26  Nexus  
  163  17:31  Zealot x3, Stalker x6  
  160  17:41  Probe  
  137  17:52  Protoss Shields Level 3  
  137  17:55  Zealot x3  
  137  17:56  Zealot x6  
  135  18:09  Immortal (Chrono Boost)  
  135  18:15  Stalker x2  
  135  18:16  Stalker x7  
  135  18:19  Pylon  
  151  18:21  Probe  
  151  18:27  Probe  
  153  18:36  Photon Cannon  
  153  18:37  Probe  
  153  18:39  Observer (Chrono Boost), Stalker x8, Photon Cannon  
  153  18:41  Photon Cannon, Sentry  
  159  19:03  Stalker x7  
  164  19:11  Probe  
  164  19:12  Probe x3  
  164  19:13  Photon Cannon  
  164  19:14  Sentry  
  164  19:15  Photon Cannon  
  164  19:16  Photon Cannon  
  168  19:17  Shield Battery  
  168  19:18  Pylon  
  168  19:19  Immortal (Chrono Boost), Stalker  
  174  19:24  Probe x2  
  174  19:27  Zealot x2  
  174  19:28  Zealot  
  174  19:31  Observer  
  182  19:32  Dark Templar  
  182  19:33  Zealot  
  186  19:39  Zealot x2  
  186  19:45  Stalker x2  
  190  19:50  Zealot x3, Observer (Chrono Boost)  
  197  19:56  Photon Cannon  
  197  19:57  Pylon, Robotics Bay  
  196  20:02  Robotics Facility  
  196  20:03  Sentry  
  196  20:05  Photon Cannon  
  196  20:08  Pylon  
  196  20:13  Zealot  
  196  20:14  Zealot x4  
  192  20:24  Zealot x3  
  165  20:36  Stalker x6  
  167  20:44  Shield Battery  
  167  20:46  Stalker x3  
  166  21:02  Zealot x5, Stalker  
  144  21:08  Immortal (Chrono Boost)  
  126  21:11  Stalker x3  
  126  21:13  Probe  
  126  21:14  Pylon  
  123  21:21  Probe  
  122  21:26  Stalker x6  
  122  21:29  Probe  
  122  21:31  Photon Cannon  
  122  21:32  Probe, Pylon  
  136  21:37  Stalker x2, Shield Battery  
  139  21:42  Disruptor (Chrono Boost)  
  139  21:47  Zealot, Observer (Chrono Boost)  
  145  21:53  Zealot x6  
  157  22:03  Stalker  
  157  22:04  Disruptor (Chrono Boost), Stalker  
  157  22:07  Disruptor (Chrono Boost)  
  164  22:09  Gravitic Boosters  
  164  22:11  Zealot  
  169  22:20  Photon Cannon  
  169  22:21  Stalker x3  
  175  22:24  Zealot x3  
  175  22:28  Zealot x2  
  185  22:34  Zealot  
  190  22:39  Disruptor (Chrono Boost)  
  190  22:44  Warp Prism (Chrono Boost), Sentry  
  190  22:45  Pylon  
  190  22:46  Photon Cannon  
  190  22:48  Photon Cannon  
  194  22:52  Zealot x3  
  194  22:53  Pylon  
  182  23:11  Stalker x3  
  182  23:12  Zealot x5, Stalker  
Show
View Real Time Build Order
Export as new Build Order

ShaDoWn Protoss 

Build Orders: Blink Stalkers, Dark Templar Rush 

Get SALT Encoding   

  12  0:00  Probe  
  13  0:12  Probe  
  14  0:18  Pylon  
  14  0:24  Probe (Chrono Boost)  
  15  0:36  Probe (Chrono Boost)  
  15  0:37  Gateway  
  16  0:45  Probe (Chrono Boost)  
  16  0:46  Assimilator  
  17  0:51  Probe  
  18  1:03  Probe (Chrono Boost)  
  19  1:04  Assimilator  
  19  1:11  Gateway  
  19  1:13  Probe (Chrono Boost)  
  19  1:18  Probe (Chrono Boost)  
  20  1:24  Cybernetics Core  
  21  1:29  Probe  
  22  1:34  Pylon  
  22  1:41  Probe  
  23  1:53  Probe  
  24  2:01  Stalker x2  
  28  2:02  Warp Gate (Chrono Boost)  
  28  2:05  Probe  
  29  2:22  Pylon  
  29  2:34  Twilight Council  
  29  2:48  Nexus  
  29  2:52  Pylon  
  29  2:59  Probe  
  30  3:11  Dark Shrine, Probe  
  31  3:14  Blink (Chrono Boost)  
  31  3:23  Probe  
  32  3:29  Gateway  
  32  3:35  Probe  
  33  3:44  Stalker  
  33  3:45  Stalker  
  37  3:50  Probe  
  37  4:02  Probe  
  37  4:04  Probe  
  37  4:14  Probe  
  37  4:16  Probe  
  39  4:23  Dark Templar  
  41  4:26  Probe, Dark Templar  
  41  4:28  Probe (Chrono Boost)  
  37  4:38  Probe (Chrono Boost)  
  39  4:46  Probe (Chrono Boost)  
  39  4:48  Probe (Chrono Boost)  
  41  4:53  Probe x2 (Chrono Boost)  
  40  5:04  Probe, Stalker x2  
  40  5:05  Probe  
  40  5:06  Stalker  
  48  5:16  Probe  
  48  5:17  Probe  
  50  5:23  Pylon  
  50  5:28  Probe  
  50  5:29  Probe  
  52  5:38  Nexus  
  52  5:40  Probe  
  52  5:41  Probe  
  54  5:49  Stalker x2  
  58  5:52  Probe  
  58  5:55  Probe  
  60  6:00  Pylon  
  60  6:04  Assimilator  
  60  6:05  Probe  
  60  6:07  Probe  
  60  6:08  Forge  
  62  6:11  Stalker  
  62  6:17  Probe (Chrono Boost)  
  65  6:19  Probe (Chrono Boost)  
  65  6:21  Shield Battery  
  65  6:25  Stalker  
  68  6:29  Probe (Chrono Boost)  
  68  6:31  Probe (Chrono Boost)  
  70  6:34  Robotics Facility  
  70  6:37  Probe (Chrono Boost)  
  70  6:38  Probe (Chrono Boost), Stalker x2  
  76  6:45  Probe (Chrono Boost)  
  76  6:46  Protoss Ground Weapons Level 1 (Chrono Boost)  
  78  6:49  Probe (Chrono Boost)  
  78  6:50  Probe (Chrono Boost)  
  78  6:53  Stalker  
  81  6:57  Probe (Chrono Boost)  
  81  7:00  Probe (Chrono Boost)  
  84  7:02  Stalker  
  84  7:03  Probe (Chrono Boost)  
  84  7:04  Probe (Chrono Boost)  
  84  7:07  Probe (Chrono Boost), Stalker  
  90  7:09  Probe (Chrono Boost)  
  90  7:10  Probe (Chrono Boost), Pylon  
  86  7:17  Probe  
  86  7:21  Stalker  
  89  7:23  Probe  
  89  7:24  Assimilator  
  89  7:25  Assimilator  
  89  7:29  Probe  
  86  7:31  Probe  
  86  7:32  Stalker x2  
  86  7:35  Probe  
  92  7:41  Probe  
  93  7:48  Pylon  
  93  7:49  Pylon  
  93  7:55  Charge  
  93  7:58  Pylon  
  93  7:59  Pylon  
  93  8:02  Nexus  
  93  8:06  Probe x3  
  93  8:07  Observer  
  93  8:08  Stalker x2  
  93  8:09  Stalker  
  103  8:18  Probe x2  
  105  8:21  Probe, Pylon  
  105  8:24  Gateway  
  105  8:25  Protoss Ground Weapons Level 2 (Chrono Boost)  
  105  8:26  Gateway  
  106  8:31  Probe x2  
  106  8:32  Stalker x2  
  112  8:34  Sentry  
  112  8:35  Observer (Chrono Boost)  
  112  8:39  Pylon  
  115  8:42  Observer  
  115  8:44  Probe x2  
  115  8:45  Probe  
  118  8:54  Gateway  
  118  8:55  Gateway x2, Observer  
  118  8:58  Dark Templar  
  118  8:59  Stalker  
  118  9:01  Probe  
  124  9:08  Pylon, Stalker  
  126  9:10  Archon  
  126  9:11  Probe  
  127  9:17  Photon Cannon  
  127  9:21  Photon Cannon  
  127  9:22  Stalker x3  
  133  9:30  Stalker  
  135  9:32  Stalker  
  135  9:34  Gateway  
  136  9:46  Gateway  
  136  9:48  Stalker x4  
  144  9:57  Stalker x4  
  152  10:05  Nexus  
  152  10:08  Pylon  
  152  10:13  Stalker x2  
  152  10:14  Stalker x2  
  154  10:21  Probe  
  154  10:22  Stalker x3  
  154  10:24  Probe  
  154  10:25  Probe  
  154  10:28  Probe, Assimilator  
  164  10:29  Protoss Ground Weapons Level 3 (Chrono Boost)  
  164  10:30  Zealot x2  
  164  10:33  Probe  
  169  10:37  Assimilator  
  169  10:38  Zealot  
  169  10:42  Probe  
  172  10:48  Photon Cannon  
  172  10:49  Photon Cannon  
  172  10:59  Pylon x2  
  172  11:00  Pylon  
  172  11:08  Pylon  
  172  11:12  Photon Cannon  
  172  11:15  Probe (Chrono Boost)  
  172  11:16  Probe (Chrono Boost)  
  172  11:17  Probe x2 (Chrono Boost), Zealot x5, Observer  
  172  11:18  Zealot x4, Observer  
  187  11:24  Probe (Chrono Boost)  
  189  11:27  Probe (Chrono Boost)  
  191  11:34  Probe (Chrono Boost), Shield Battery  
  191  11:40  Stalker x4  
  199  11:51  Photon Cannon  
  199  11:52  Probe  
  200  11:54  Photon Cannon  
  198  12:11  Probe  
  198  12:13  Stalker x3  
  199  12:17  Forge  
  199  12:19  Probe  
  199  12:21  Zealot x5  
  198  12:24  Gateway  
  198  12:25  Probe, Gateway x2  
  198  12:27  Stalker  
  198  12:29  Dark Shrine  
  199  12:36  Stalker x3  
  199  12:42  Observer, Stalker x5  
  191  12:47  Protoss Ground Armor Level 1 (Chrono Boost)  
  191  12:48  Protoss Shields Level 1 (Chrono Boost)  
  181  12:54  Stalker  
  183  13:00  Stalker x3  
  183  13:03  Photon Cannon  
  189  13:06  Stalker x5  
  197  13:19  Zealot x2  
  186  13:20  Zealot  
  179  13:27  Zealot x2  
  179  13:28  Zealot x2  
  179  13:30  Zealot x5  
  179  13:31  Observer  
  179  13:32  Probe x2  
  195  13:46  Nexus  
  195  13:48  Stalker x2  
  195  13:54  Observer  
  195  13:55  Photon Cannon  
  200  13:59  Pylon  
  200  14:01  Pylon  
  200  14:02  Photon Cannon, Shadow Stride  
  200  14:13  Pylon  
  200  14:14  Pylon  
  192  14:19  Zealot x2  
  192  14:20  Zealot x5  
  190  14:29  Stalker x5  
  198  14:33  Photon Cannon  
  198  14:35  Gateway x2  
  198  14:39  Photon Cannon  
  198  14:40  Protoss Shields Level 2 (Chrono Boost), Protoss Ground Armor Level 2 (Chrono Boost)  
  198  14:41  Photon Cannon  
  198  14:43  Stalker x3  
  200  14:58  Robotics Bay  
  200  15:04  Photon Cannon  
  200  15:08  Assimilator  
  200  15:09  Assimilator  
  196  15:15  Stalker x2  
  196  15:21  Observer (Chrono Boost)  
  198  15:24  Zealot x3  
  188  15:31  Photon Cannon  
  188  15:32  Photon Cannon  
  168  15:40  Zealot x7  
  168  15:41  Zealot x4  
  171  15:45  Observer (Chrono Boost)  
  163  15:52  Stalker x3  
  167  16:00  Pylon  
  167  16:01  Stalker x9  
  178  16:21  Stalker x4  
  186  16:26  Stalker x6  
  194  16:35  Pylon  
  194  16:38  Observer (Chrono Boost)  
  183  16:43  Stalker x3  
  183  16:46  Stalker x2  
  189  16:48  Gravitic Boosters (Chrono Boost)  
  189  16:56  Pylon  
  189  17:00  Stalker  
  189  17:01  Stalker x4  
  198  17:04  Stalker  
  200  17:19  Stalker x2  
  180  17:30  Observer (Chrono Boost)  
  180  17:33  Zealot x8  
  180  17:36  Probe  
  141  17:47  Stalker x6  
  147  17:52  Observer (Chrono Boost)  
  142  18:01  Stalker x7  
  148  18:20  Dark Templar, Stalker  
  148  18:21  Dark Templar x4  
  159  18:27  Dark Templar x2  
  159  18:34  Archon x2  
  163  18:40  Archon  
  163  18:42  Stalker x2  
  163  18:43  Zealot x4  
  175  18:51  Zealot  
  165  19:08  Zealot x11  
  176  19:15  Pylon  
  176  19:25  Stalker x2  
  180  19:36  Stalker x6  
  193  19:38  Observer (Chrono Boost)  
  183  19:48  Zealot, Stalker x2  
  183  19:49  Zealot  
  183  19:51  Zealot  
  183  19:52  Zealot  
  195  20:00  Observer, Stalker x2  
  173  20:25  Stalker x7  
  159  20:42  Stalker x3  
  155  20:43  Zealot x3  
  161  20:50  Probe  
  108  21:16  Stalker x6  
  100  21:30  Stalker x2  
  100  21:31  Zealot x5  
  114  21:33  Observer  
  112  21:47  Nexus  
  112  21:50  Zealot x3  
  119  21:59  Stalker x2  
  122  22:04  Stalker  
  124  22:17  Stalker x4  
  124  22:21  Stalker  
  134  22:30  Stalker x2  
  138  22:41  Stalker x2  
  142  22:48  Stalker  
  142  22:50  Stalker  
  146  22:53  Zealot  
  127  23:10  Zealot x3  
Tags
 
Add a new tag
Caveats
  • Supply blocks, unpowered buildings, or Contaminate may cause inaccurate times.
  • Supply counts are checked every 10 seconds.